 Dungeon Crawl Stone Soup version 0.32-a0-953-g508020473e (webtiles) character file.

Game seed: 14093771251403847657

3939 Autsider the Martial Artist (level 10, -15/56 HPs)
             Began as a Vine Stalker Warper on Apr 16, 2024.
             Was a Priest of Uskayaw.
             Demolished by a komodo dragon (20 damage)
             ... on level 1 of the Lair of Beasts on Apr 17, 2024.
             The game lasted 00:17:59 (6967 turns).

Autsider the Martial Artist (Vine Stalker Warper)   Turns: 6967, Time: 00:18:00

Health: -15/56     AC:  9    Str: 13    XL:     10   Next: 21%
Magic:  0/14       EV:  9    Int: 13    God:    Uskayaw [***...]
Gold:   416        SH:  6    Dex: 22    Spells: 13/13 levels left

rFire   . . .        D - +5 scimitar
rCold   . . .        i - +0 buckler
rNeg    . . .        x - +1 ring mail of Imirhunim {Dex+3}
rPois   .            n - +0 helmet
rElec   .            (no cloak)
rCorr   .            e - +0 pair of gloves
SInv    .            s - +0 pair of boots
Will    +....        u - amulet of the acrobat
Stlth   ++           (no ring)
HPRegen 1.09/turn    (no ring)
MPRegen 0.14/turn

%: acrobat, guardian spirit
@: no status effects
A: fangs 3, regeneration 1, magic shield, antimagic bite, no potion heal 2
a: Renounce Religion, Stomp, Line Pass


You were on level 1 of the Lair of Beasts.
You worshipped Uskayaw.
Uskayaw was noncommittal.
You visited 3 branches of the dungeon, and saw 11 of its levels.

You collected 416 gold pieces.

Inventory:

Hand Weapons
 j - a +2 sling of flaming
 p - a +2 dagger of venom
 A - a +2 dagger of electrocution
 D - a +5 scimitar (weapon)
Missiles
 d - 7 darts of dispersal (quivered)
 f - 20 poisoned darts
 o - 5 boomerangs
 w - 6 curare-tipped darts
Armour
 b - a +0 leather armour
 e - a +0 pair of gloves (worn)
 i - a +0 buckler (worn)
 n - a +0 helmet (worn)
 s - a +0 pair of boots (worn)
 x - the +1 ring mail of Imirhunim (worn) {Dex+3}
   (You found it on level 6 of the Dungeon)

   Dex+3:     It affects your dexterity (+3).
Jewellery
 u - an amulet of the acrobat (around neck)
Wands
 g - a wand of polymorph (12)
 y - a wand of charming (14)
 F - a wand of digging (5)
Scrolls
 c - 3 scrolls of identify {@r1}
 k - a scroll of immolation
 q - 3 scrolls of poison
 r - 2 scrolls of amnesia
 C - 2 scrolls of revelation
 K - a scroll of fog
 L - a scroll of vulnerability
Potions
 a - a potion of berserk rage {unknown}
 h - a potion of lignification {unknown}
 l - a potion of curing {@q1}
 t - 2 potions of brilliance
 v - a potion of enlightenment {unknown}
 z - 3 potions of might {unknown}
 B - a potion of mutation {unknown}
 G - a potion of haste {unknown}
 H - a potion of attraction {unknown}
 I - 2 potions of heal wounds {unknown}
 J - a potion of magic {unknown}


   Skills:
 + Level 8.2 Fighting
 - Level 1.7 Short Blades
 - Level 0.8 Throwing
 - Level 0.7 Armour
 - Level 1.5 Dodging
 - Level 4.0 Stealth
 - Level 6.0 Shields
 + Level 8.7 Unarmed Combat
 - Level 2.1 Spellcasting
 - Level 3.0 Translocations


You had 13 spell levels left.
You didn't know any spells.
Your spell library contained the following spells:

 Spells                   Type           Power      Damage    Failure   Level
 Blink                    Tloc           18%        N/A       30%         2
 Lesser Beckoning         Tloc           18%        N/A       30%         2
 Maxwell's Portable Pile  Tloc           9%         2d(6-16)  52%         3
 Teleport Other           Tloc           9%         N/A       52%         3
 Volatile Blastmotes      Fire/Tloc      10%        2d10      75%         3
 Call Canine Familiar     Summ           1%         N/A       91%         3
 Dazzling Flash           Conj/Hex       2%         N/A       91%         3
 Sigil of Binding         Hex            1%         N/A       91%         3
 Dimensional Bullseye     Hex/Tloc       2%         N/A       98%         4
 Vhi's Electric Charge    Tloc/Air       10%        N/A       98%         4
 Gell's Gavotte           Tloc           4%         2d(13-19) 100%        6
 Starburst                Conj/Fire      0%         6d3       100%        6
 Fulsome Fusillade        Conj/Alch      0%         (3-5)d4   100%        8


Dungeon Overview and Level Annotations

Branches:
Dungeon (9/15)             Temple (1/1) D:6            Lair (1/5) D:8
    Orc: D:9-12

Altars:
Cheibriados
Dithmenos
Elyvilon
Fedhas
Gozag
Hepliaklqana
Kikubaaqudgha
Makhleb
Nemelex Xobeh
Okawaru
Qazlal
Sif Muna
Trog
Uskayaw
Vehumet
Wu Jian
Xom
Yredelemnul
Zin
The Shining One

Annotations:
D:1 exclusion: 2 downstairs
D:2 1 runed translucent door, Crazy Yiuf
D:6 exclusion: upstairs
D:7 1 runed translucent door, Autsider's ghost, novice SpAl


Innate Abilities, Weirdness & Mutations

You have razor-sharp teeth.
Your natural rate of healing is unusually fast.
When hurt, damage is shared between your health and your magic reserves.
Your bite disrupts and absorbs the magic of your enemies.
Potions cannot restore your health.


Message History

The helpless black mamba fails to defend itself.
You hit the black mamba.
The black mamba is lightly wounded.
The black mamba is no longer paralysed.
The komodo dragon is no longer paralysed.
The black mamba bites you but does no damage.
The black mamba completely misses you. You block the komodo dragon's attack.
You slash the komodo dragon!
The komodo dragon is moderately wounded.
The black mamba bites you.
* * * LOW HITPOINT WARNING * * *
The black mamba barely misses you. You block the komodo dragon's attack.
The black mamba bites you!
* * * LOW HITPOINT WARNING * * *
Okay, then.
The komodo dragon bites you but does no damage.
The black mamba attacks as it pursues you!
The black mamba completely misses you.
The black mamba attacks as it pursues you!
The black mamba misses you. You block the komodo dragon's attack.
You block the black mamba's attack.
The komodo dragon completely misses you.
The black mamba closely misses you.
The komodo dragon completely misses you.
The black mamba bites you!
* * * LOW HITPOINT WARNING * * *
You are lethally poisoned!
The black mamba poisons you!
Your system rejects the healing.
You feel better.
The black mamba bites you but does no damage.
The komodo dragon barely misses you.
Okay, then.
Aiming: Polymorph
Press: ? - help, Shift-Dir - straight line, f - black mamba
Aim: a black mamba (lightly wounded, will become a harpy, an entropy weaver, or a shapeshifter, chance to affect: 49%)
The black mamba evaporates and reforms as a harpy!
You block the harpy's attack. The harpy closely misses you.
The komodo dragon bites you!!
You die...
Your body falls in perfect tune with the rhythm.

. #.... .##.
. #.#.##.....
#. .........
#.#...I...+
#.........#
..#.#...#
#......##
###H..#..# #+
#.@l.....#...
#"..........
#.........I.
####.+P###..
##.## . #..##
##..#
#.#'######
##........##


You could see a komodo dragon and a harpy.

Vanquished Creatures
  A black mamba (Lair:1)
  Joseph (D:7)
  Sigmund (D:5)
  A steam dragon (D:7)
  Menkaure (D:7)
  2 ice beasts (D:6)
  A sky beast (D:6)
  4 ogres
  3 centaurs
  A phantom (D:7)
  A kobold brigand (D:8)
  A bullfrog (D:8)
  A gnoll sergeant (D:6)
  2 scorpions
  5 wights (D:6)
  A killer bee (Lair:1)
  4 howler monkeys
  6 bombardier beetles
  5 hounds
  A gnoll bouda (D:5)
  3 orc priests
  3 jellies
  10 iguanas
  A sleepcap (D:5)
  2 orc wizards (D:5)
  Robin (D:2)
  11 gnolls
  6 adders
  A shadow imp (D:5)
  2 white imps
  2 ufetubi (D:6)
  3 dart slugs
  2 ribbon worms
  11 orcs
  9 endoplasms
  5 giant cockroaches
  14 goblins
  10 hobgoblins
  8 kobolds
  3 quokkas
  8 ball pythons
  5 bats
  6 frilled lizards
  7 rats
176 creatures vanquished.

Notes
Turn   | Place    | Note
-------+----------+-------------------------------------------
     0 | D:1      | Autsider the Vine Stalker Warper began the quest for the
                  | Orb.
     0 | D:1      | Reached XP level 1. HP: 11/11 MP: 4/4
   133 | D:1      | Reached skill level 1 in Stealth
   134 | D:1      | Reached XP level 2. HP: 15/15 MP: 4/6
   252 | D:1      | Found a faded altar of an unknown god.
   254 | D:1      | Reached skill level 1 in Unarmed Combat
   374 | D:1      | Reached XP level 3. HP: 17/18 MP: 5/7
   798 | D:2      | Noticed Robin
  1151 | D:1      | Reached skill level 1 in Shields
  1171 | D:2      | Killed Robin
  1172 | D:2      | Reached XP level 4. HP: 16/23 MP: 5/8
  1246 | D:2      | Found an opulent altar of Gozag.
  1638 | D:2      | Found a runed translucent door.
  1639 | D:2      | Noticed Crazy Yiuf
  1965 | D:3      | Found a stormy altar of Qazlal.
  2149 | D:3      | Reached XP level 5. HP: 27/27 MP: 9/9
  2690 | D:4      | Noticed an ogre
  2705 | D:4      | Killed an ogre
  2706 | D:4      | Reached XP level 6. HP: 10/32 MP: 3/10
  2870 | D:4      | You fall into a shaft and drop 3 floors!
  2944 | D:7      | Noticed a steam dragon
  2996 | D:6      | Identified the +1 ring mail of Imirhunim {Dex+3}
  3028 | D:6      | Found an ornate altar of the Wu Jian Council.
  3030 | D:6      | Found a staircase to the Ecumenical Temple.
  3037 | D:6      | Noticed a sky beast
  3039 | Temple   | Entered the Ecumenical Temple
  3043 | Temple   | Became a worshipper of Uskayaw the Reveller
  3054 | D:6      | Reached * piety under Uskayaw
  3057 | D:6      | Reached ** piety under Uskayaw
  3059 | D:6      | Killed a sky beast
  3060 | D:6      | Reached XP level 7. HP: 26/37 MP: 8/11
  3175 | D:6      | Identified the +1 leather armour "Resivawe" {rC+}
  3228 | D:6      | Found a shimmering altar of Xom.
  3246 | D:5      | Entered Level 5 of the Dungeon
  3335 | D:5      | Reached *** piety under Uskayaw
  3621 | D:4      | Found a glowing golden altar of the Shining One.
  3989 | D:6      | Gained mutation: You have razor-sharp teeth. [Vine Stalker
                  | growth]
  3989 | D:6      | Reached XP level 8. HP: 42/42 MP: 12/12
  4083 | D:6      | Reached skill level 5 in Fighting
  4083 | D:6      | Reached skill level 5 in Unarmed Combat
  4135 | D:6      | Reached **** piety under Uskayaw
  4139 | D:6      | Reached ***** piety under Uskayaw
  4179 | D:6      | Reached skill level 5 in Shields
  4515 | D:5      | Reached XP level 9. HP: 20/48 MP: 4/13
  4625 | D:5      | Noticed Sigmund
  4672 | D:5      | Killed Sigmund
  5494 | D:7      | Noticed Joseph
  5497 | D:7      | Found a runed translucent door.
  5497 | D:7      | Found a shimmering altar of Xom.
  5497 | D:7      | Noticed Autsider's ghost (novice SpAl)
  5500 | D:7      | Noticed a +2 dagger of chaos
  5774 | D:7      | Killed Joseph
  5798 | D:7      | Found an ancient bone altar of Kikubaaqudgha.
  6005 | D:7      | Noticed Menkaure
  6017 | D:7      | Killed Menkaure
  6375 | D:8      | Found a staircase to the Lair.
  6420 | D:8      | Reached XP level 10. HP: 51/56 MP: 14/14
  6461 | D:8      | Found a snail-covered altar of Cheibriados.
  6702 | D:8      | Found a white marble altar of Elyvilon.
  6703 | D:8      | Found a shadowy altar of Dithmenos.
  6844 | D:9      | Noticed a brown ugly thing
  6882 | Lair:1   | Entered Level 1 of the Lair of Beasts
  6951 | Lair:1   | Noticed a black mamba
  6955 | Lair:1   | Killed a black mamba
  6956 | Lair:1   | Noticed a black mamba
  6967 | Lair:1   | a black mamba changed into a harpy
  6967 | Lair:1   | Noticed a harpy
  6967 | Lair:1   | Demolished by a komodo dragon

Illustrated notes

Levels and vault maps discovered:
D:1:      co_arrival_two_rings, layout_basic,
          shapermc_ecumenical_altar_starsandcircs, serial_curves,
          eino_curves_03, eino_curves_04, eino_curves_01
D:2:      layout_loops_ring, basic_altar, uniq_crazy_yiuf_cottage, uniq_robin
D:3:      layout_loops_ring, nicolae_qazlal_eye_of_the_storm
D:4:      layout_basic, tso_metal_star
D:5:      minmay_recursive_quarters, layout_loops_cross,
          kennysheep_pointless_box, uniq_sigmund
D:6:      layout_basic, kennysheep_little_box, tgw_xom,
          minmay_temple_entry_gardened_gates, serial_bayou_crossing
D:7:      layout_gridville, lemuel_tele_altar, ebering_ghost_xom,
          minmay_misc_feat_more_columns, uniq_menkaure, uniq_joseph
D:8:      layout_cave_pools, gammafunk_temple_overflow_wave,
          cheibriados_altar_1, dpeg_oklobed_lair
D:9:      layout_gridville, general_overflow_altar
Temple:   nicolae_temple_x_marks_the_god
Lair:1:   layout_roguey, lemuel_fruit_fields, grunt_megastairs_1

Skill      XL: |  1  2  3  4  5  6  7  8  9 10 |
---------------+-------------------------------+-----
Fighting       | 2 3 4 5 7 8 |  8.2
Stealth        | 1 2 3 4 |  4.0
Unarmed Combat | 1 2 3 4 6 8 |  8.7
Shields        | 1 2 4 5 6 |  6.0
Short Blades   | |  1.7
Throwing       | |  0.8
Armour         | |  0.7
Dodging        | |  1.5
Spellcasting   | |  2.1
Translocations | |  3.0

Action                     |  1- 3 |  4- 6 |  7- 9 | 10-12 || total
---------------------------+-------+-------+-------+-------++-------
  Melee: Short sword       |   144 |       |       |       ||   144
         Bite              |    43 |    35 |    87 |    12 ||   177
         Dagger            |       |   124 |    96 |       ||   220
         Scimitar          |       |       |   147 |    37 ||   184
  Evoke: Wand              |       |       |       |     4 ||     4
    Use: Scroll            |       |     4 |     9 |     2 ||    15
         Potion            |       |       |       |     2 ||     2
   Stab: Sleeping          |     2 |     6 |     6 |     1 ||    15
         Paralysed         |       |       |     8 |     4 ||    12
 Armour: Leather armour    |    63 |    54 |       |       ||   117
         Ring mail         |       |     4 |   190 |    61 ||   255
  Dodge: Dodged            |    67 |    48 |   139 |    73 ||   327
  Block: Buckler           |    17 |    16 |    89 |    41 ||   163

Table legend: (Time is in decaauts)
 A = Elapsed time spent in this place.
 B = Non-inter-level travel time spent in this place.
 C = Inter-level travel time spent in this place.
 D = Time resting spent in this place.
 E = Time spent auto-exploring this place.
 F = Levels seen in this place.
 G = Mean time per level.
                   A        B        C        D        E       F      G
               +--------+--------+--------+--------+--------+-----+--------+
         Total |   7033 |   6275 |    758 |    360 |   4131 |  11 |  639.4 |
       Dungeon |   6937 |   6182 |    755 |    304 |   4131 |   9 |  770.8 |
        Temple |      8 |      5 |      3 |      0 |      0 |   1 |    8.0 |
          Lair |     86 |     86 |      0 |     56 |      0 |   1 |   86.0 |
               +--------+--------+--------+--------+--------+-----+--------+

Top non-repeatable levels by time:
     D:5: 1174 daAuts
     D:1: 1034 daAuts
     D:7: 1014 daAuts
     D:6: 912 daAuts
     D:2: 877 daAuts
     D:3: 708 daAuts
     D:4: 615 daAuts
     D:8: 563 daAuts
  Lair:1: 86 daAuts
     D:9: 35 daAuts
  Temple: 8 daAuts
